 Dungeon Crawl Stone Soup version 0.29-a0-284-gf9362112df (webtiles) character file.

Game seed: 238057579075046545

910 Warped the Carver (level 8, -5/58 HPs)
             Began as a Formicid Fighter on Mar 22, 2022.
             Killed by nerve-wracking pain
             ... invoked by a shadow imp
              (14 damage)
             ... on level 5 of the Dungeon.
             The game lasted 00:07:55 (4101 turns).

Warped the Carver (Formicid Fighter)                Turns: 4101, Time: 00:07:56

Health: -5/58      AC: 12    Str: 23    XL:     8   Next: 30%
Magic:  8/8        EV: 11    Int:  8    God:
Gold:   242        SH:  4    Dex: 10    Spells: 7/7 levels left

rFire   . . .      SeeInvis +   a - +1 long sword
rCold   . . .      Faith    .   c - +0 buckler
rNeg    . . .      Spirit   .   s - +0 chain mail
rPois   .          Reflect  .   (helmet unavailable)
rElec   .          Harm     .   (no cloak)
rCorr   .          Rampage  +   t - +0 pair of gloves
Will    .....                   x - +1 pair of boots {rampage}
Stlth   ..........              r - amulet of regeneration
HPRegen 0.99/turn               h - +4 ring of evasion
MPRegen 0.11/turn               (no ring)

@: mighty
A: permanent stasis, dig shafts and tunnels, antennae 3, four strong arms
a: Dig, Shaft Self


You were on level 5 of the Dungeon.
You visited 1 branch of the dungeon, and saw 5 of its levels.

You collected 242 gold pieces.

Inventory:

Hand Weapons
 a - a +1 long sword (weapon)
 f - the +7 dagger of Darkness {protect, rF+ Str+4}
   (You took it off a hobgoblin on level 3 of the Dungeon)

   It grants its wielder temporary protection when it strikes (+7 to AC).
   Str:       It affects your strength (+4).
   rF:        It protects you from fire.
 l - a +0 quarterstaff
 u - a +3 dagger of draining
Missiles
 i - 91 stones
 m - 24 poisoned darts (quivered)
Armour
 c - a +0 buckler (worn)
 s - a +0 chain mail (worn)
 t - a +0 pair of gloves (worn)
 x - a +1 pair of boots of rampaging (worn)
Jewellery
 h - a +4 ring of evasion (left hand)
 r - an amulet of regeneration (around neck)
Wands
 p - a wand of flame (22)
Scrolls
 e - 2 scrolls of noise {unknown}
 g - 2 scrolls of identify
 k - a scroll of torment {unknown}
 n - a scroll of fear {unknown}
 o - 2 scrolls of enchant weapon
 q - 3 scrolls of teleportation {unknown}
 v - 3 scrolls of magic mapping {unknown}
Potions
 j - 2 potions of mutation


   Skills:
 - Level 3.2 Fighting
 * Level 9.0 Long Blades
 + Level 1.7 Throwing
 - Level 3.2 Armour
 - Level 3.6 Shields


You had 7 spell levels left.
You didn't know any spells.
Your spell library contained the following spells:

 Spells                   Type           Power      Damage    Failure   Level
 Sandblast                Erth           0%         2d4       99%         1
 Passwall                 Tmut/Erth      0%         N/A       100%        2
 Stone Arrow              Conj/Erth      0%         3d7       100%        3
 Leda's Liquefaction      Hex/Erth       0%         N/A       100%        4
 Lee's Rapid Deconstruct  Erth           0%         3d5*      100%        5
 Statue Form              Tmut/Erth      0%         N/A       100%        6


Dungeon Overview and Level Annotations

Branches:
Dungeon (4/15)
 Temple: D:4-7

Altars:
Kikubaaqudgha
Okawaru

Shops:
D:4 :


Innate Abilities, Weirdness & Mutations

You cannot be hasted, slowed, berserked, paralysed or teleported.
You can dig through walls and to a lower floor.
You have a pair of large antennae on your head. (SInv)
Your four strong arms can wield two-handed weapons with a shield.


Message History

Your Long Blades skill increases to level 9!
Unknown command.
Throw: 25 darts (poison)
Press: ? - help, Q - select action, (/) - cycle Shift-Dir - straight line, f - troll
Aim: a troll (56% to hit)
You throw a poisoned dart. The poisoned dart hits the troll.
The troll is poisoned.
The shadow imp hits you but does no damage.
You hit the shadow imp.
The shadow imp is moderately wounded.
You hit the shadow imp.
The shadow imp is severely wounded.
You block the shadow imp's attack. The troll bites you.
The troll claws you but does no damage. The troll closely misses you.
You closely miss the shadow imp.
The shadow imp is severely wounded.
You block the shadow imp's attack. The troll bites you.
The troll claws you but does no damage. The troll claws you!
You hit the shadow imp but do no damage.
The shadow imp is severely wounded.
The shadow imp closely misses you. The troll bites you!
The troll closely misses you. The troll claws you but does no damage.
The troll attacks as you move away! You block the troll's attack.
The troll claws you! The troll claws you.
* * * LOW HITPOINT WARNING * * *
The troll looks more healthy.
You feel very mighty all of a sudden. The shadow imp gestures at you.
Pain shoots through your body!
* * * LOW HITPOINT WARNING * * *
The troll misses you. The troll claws you.
* * * LOW HITPOINT WARNING * * *
The troll closely misses you.
Okay, then.
As you read the scroll labelled IPTIRH CILI, it crumbles to dust.
It is a scroll of enchant weapon.
Your +0 long sword glows red for a moment.
The shadow imp gestures at you. Pain shoots through your body!
You die...

#≈≈≈≈#.###.##......
..#≈≈≈≈#.# #..†....#
≈≈≈≈.≈≈#.# #.......#
≈.≈≈≈≈≈..###.........
≈≈≈≈≈≈......#.#..#...
≈≈≈≈≈.........#..# ##
........#.....#..#
.......†..T......##
.....(....5@.......
#..#.....###.#.....
........... ...#.##
#..#......##...#.# #.
#...!... ...# .
..............
#.#...#....#..#.
#.............#.#


You could see a troll and a shadow imp.

Vanquished Creatures
  Grinder (D:4)
  Edmund (D:4)
  A black bear (D:4)
  2 scorpions
  An orc priest (D:3)
  A hound (D:5)
  Natasha (thrice) (D:3)
  An iguana (D:5)
  3 orc wizards
  8 adders
  3 worms
  A dart slug (D:1)
  11 orcs
  4 bats
  7 endoplasms
  4 giant cockroaches
  6 goblins
  4 hobgoblins
  7 quokkas
  10 ball pythons
  7 frilled lizards
  5 kobolds
  3 rats
94 creatures vanquished.

Vanquished Creatures (others)
  4 withered plants (D:3)
4 creatures vanquished.

Grand Total: 98 creatures vanquished

Notes
Turn   | Place    | Note
-------+----------+-------------------------------------------
     0 | D:1      | Warped the Formicid Fighter began the quest for the Orb.
     0 | D:1      | Reached XP level 1. HP: 18/18 MP: 1/1
   245 | D:1      | Reached XP level 2. HP: 22/24 MP: 2/2
   369 | D:1      | Reached skill level 3 in Long Blades
   559 | D:1      | Reached XP level 3. HP: 28/29 MP: 3/3
  1348 | D:2      | Reached skill level 4 in Long Blades
  1348 | D:2      | Reached XP level 4. HP: 24/35 MP: 4/4
  2396 | D:3      | Reached skill level 5 in Long Blades
  2396 | D:3      | Reached XP level 5. HP: 32/41 MP: 5/5
  2536 | D:3      | Noticed Natasha
  2539 | D:3      | Found an ancient bone altar of Kikubaaqudgha.
  2550 | D:3      | Killed Natasha
  2743 | D:3      | Identified the +7 dagger of Darkness {protect, rF+ Str+4}
  2941 | D:3      | Noticed Natasha
  2950 | D:3      | Killed Natasha
  2951 | D:3      | Reached XP level 6. HP: 36/47 MP: 6/6
  3055 | D:3      | Reached skill level 6 in Long Blades
  3128 | D:3      | Identified the +1 helmet of the Other Side {Dex+2}
  3281 | D:3      | Noticed Natasha
  3290 | D:3      | Killed Natasha
  3395 | D:4      | Found an iron altar of Okawaru.
  3400 | D:4      | Noticed Grinder
  3413 | D:4      | Reached XP level 7. HP: 50/51 MP: 7/7
  3464 | D:4      | Killed Grinder
  3465 | D:4      | Reached skill level 7 in Long Blades
  3653 | D:4      | Noticed Edmund
  3687 | D:4      | Killed Edmund
  3688 | D:4      | Reached skill level 8 in Long Blades
  3806 | D:4      | Found Hevor's Book Boutique.
  3841 | D:4      | Reached XP level 8. HP: 58/58 MP: 8/8
  3937 | D:4      | Reached skill level 1 in Throwing
  4034 | D:4      | You fall into a shaft and drop 1 floor!
  4034 | D:5      | Entered Level 5 of the Dungeon
  4085 | D:5      | Noticed a troll
  4091 | D:5      | Reached skill level 9 in Long Blades
  4101 | D:5      | Killed from afar by a shadow imp

Illustrated notes

Levels and vault maps discovered:
D:1:      zelgadis_glass_arrival_small, layout_loops_ring, feat_on_display
D:2:      minmay_chambers_of_ones, layout_basic, serial_forest,
          infiniplex_forest_clump_medium, infiniplex_forest_lined_room_3,
          infiniplex_forest_straight_2, infiniplex_forest_corner_1,
          infiniplex_forest_join, infiniplex_forest_clump_curved,
          infiniplex_forest_clump_tiny
D:3:      layout_rooms, kiku_gazebo_garden_becter, uniq_natasha
D:4:      layout_loops_corners, okawaru_ov_weapons_minmay, serial_shops,
          nicolae_shop_trees, nicolae_shop_overcharged_wands, uniq_duvessa,
          uniq_eustachio, uniq_edmund, uniq_grinder, uniq_blork_the_orc
D:5:      layout_basic, fedhas_bush_and_centaur_altar, serial_shops,
          nicolae_stop_n_shop_1, grunt_decor_junction,
          chequers_serial_rivers_large_a

Skill      XL: |  1  2  3  4  5  6  7  8 |
---------------+-------------------------+-----
Long Blades    | 3 4 5 6 8 9 |  9.0
Throwing       | 1 |  1.7
Fighting       | |  3.2
Armour         | |  3.2
Shields        | |  3.6

Action                   |  1- 3 |  4- 6 |  7- 9 || total
-------------------------+-------+-------+-------++-------
Melee: Long sword        |   102 |   198 |   153 ||   453
       Unarmed           |       |     1 |       ||     1
Throw: Dart              |       |       |    20 ||    20
 Abil: Dig               |     1 |       |       ||     1
Evoke: Wand              |       |       |     1 ||     1
  Use: Potion            |       |     1 |     4 ||     5
       Scroll            |       |       |     3 ||     3
Armor: Scale mail        |    44 |    36 |       ||    80
       Skin              |       |     3 |       ||     3
       Chain mail        |       |    42 |    66 ||   108
Dodge: Dodged            |    68 |   147 |    77 ||   292
Block: Buckler           |    19 |    57 |    40 ||   116

Table legend: (Time is in decaauts)
 A = Elapsed time spent in this place.
 B = Non-inter-level travel time spent in this place.
 C = Inter-level travel time spent in this place.
 D = Time resting spent in this place.
 E = Time spent auto-exploring this place.
 F = Levels seen in this place.
 G = Mean time per level.
                   A        B        C        D        E       F      G
               +--------+--------+--------+--------+--------+-----+--------+
         Total |   4165 |   4072 |     93 |    331 |   2714 |   5 |  833.0 |
       Dungeon |   4165 |   4072 |     93 |    331 |   2714 |   5 |  833.0 |
               +--------+--------+--------+--------+--------+-----+--------+

Top non-repeatable levels by time:
     D:2: 1197 daAuts
     D:3: 1160 daAuts
     D:1: 1110 daAuts
     D:4: 630 daAuts
     D:5: 66 daAuts
